 Dungeon Crawl Stone Soup version 0.30-a0-949-g53dc5368d7 (webtiles) character file.

Game seed: 16338778540032767306

1307 browni3141 the Firebug (level 8, -3/60 HPs)
             Began as a Demonspawn Fire Elementalist on Mar 28, 2023.
             Slain by a steam dragon (7 damage)
             ... on level 5 of the Dungeon.
             The game lasted 00:16:31 (5836 turns).

browni3141 the Firebug (DsFE)                       Turns: 5836, Time: 00:16:31

Health: -3/60      AC:  2    Str:  9    XL:     8   Next: 32%
Magic:  8/12       EV: 13    Int: 19    God:
Gold:   180        SH:  0    Dex: 17    Spells: 7/13 levels left

rFire   . . .      SeeInvis .    y - +4 scimitar
rCold   . . .      Faith    .    (no shield)
rNeg    . . .      Spirit   .    a - +0 robe
rPois   .          Reflect  .    (no helmet)
rElec   .          Rampage  .    (no cloak)
rCorr   .                        (no gloves)
Will    .....                    (no boots)
Stlth   ++++                     (no amulet)
HPRegen 0.30/turn                (no ring)
MPRegen 0.13/turn                (no ring)

@: no status effects
A: hooves 2, thin skeletal structure 2, spiny 1
a: no special abilities


You were on level 5 of the Dungeon.
You visited 1 branch of the dungeon, and saw 6 of its levels.

You collected 180 gold pieces.

Inventory:

Hand Weapons
 v - a +0 morningstar of protection
 w - a +2 long sword
 y - a +4 scimitar (weapon)
Armour
 a - a +0 robe (worn)
Jewellery
 r - an amulet of regeneration
 s - a ring of resist corrosion
Wands
 k - a wand of charming (5)
Scrolls
 d - 3 scrolls of noise {unknown}
 e - 3 scrolls of blinking {unknown}
 f - 3 scrolls of enchant armour {unknown}
 g - 10 scrolls of identify {unknown}
 i - 8 scrolls of teleportation {unknown}
 j - 2 scrolls of vulnerability {unknown}
 m - a scroll of butterflies {unknown}
 n - a scroll of immolation {unknown}
 o - 2 scrolls of amnesia {unknown}
 p - a scroll of fear {unknown}
 q - 2 scrolls of silence {unknown}
 t - a scroll of fog {unknown}
 x - a scroll of poison {unknown}
Potions
 b - 2 potions of degeneration {unknown}
 c - 3 potions of flight {unknown}
 h - 2 potions of might {unknown}
 l - 2 potions of ambrosia {unknown}
 u - a potion of magic
 z - a potion of lignification {unknown}


   Skills:
 + Level 4.0 Fighting
 * Level 1.4 Long Blades
 + Level 3.1 Dodging
 - Level 2.0 Stealth
 - Level 3.0 Spellcasting
 - Level 4.0 Conjurations
 * Level 7.0 Fire Magic


You had 7 spell levels left.
You knew the following spells:

 Your Spells              Type           Power      Damage    Failure   Level
a - Foxfire               Conj/Fire      92%        2x1d8     1%          1
b - Scorch                Fire           58%        2d8       1%          2
c - Inner Flame           Hex/Fire       16%        N/A       11%         3

Your spell library contained the following spells:

 Spells                   Type           Power      Damage    Failure   Level
 Magic Dart               Conj           72%        1d6       3%          1
 Momentum Strike          Conj/Tloc      20%        3d8       10%         2
 Flame Wave               Conj/Fire      23%        2d8       16%         4
 Kindle Blastsparks       Fire/Tloc/Air  22%        2d11      19%         3
 Blink                    Tloc           4%         N/A       22%         2
 Call Imp                 Summ           2%         N/A       22%         2
 Lesser Beckoning         Tloc           4%         N/A       22%         2
 Mephitic Cloud           Conj/Pois/Air  7%         N/A       26%         3
 Animate Armour           Summ/Erth      4%         N/A       83%         4
 Blade Hands              Tmut           1%         N/A       99%         5
 Iron Shot                Conj/Erth      5%         9d2       100%        6


Dungeon Overview and Level Annotations

Branches:
Dungeon (6/15)
 Temple: D:4-7

Altars:
Uskayaw

Shops:
D:1 !   D:6 (

Annotations:
D:3 2 transporters, Jackthecabe's ghost, amateur DEHW


Innate Abilities, Weirdness & Mutations

You have hoof-like feet.
You have a moderately thin skeletal structure. (Dex +4, Stealth++)
You are partially covered in sharp spines.


Message History

Partly explored, can't reach some places.
Partly explored, can't reach some places.
There is a large open door here.
There is a stone staircase leading down here.
You climb downwards.
There is a stone staircase leading up here.
Unknown command.
The steam dragon hisses angrily.
The steam dragon breathes steam at you. The ball of steam hits you!
You hear a bark!
You barely miss the steam dragon. You kick the steam dragon.
The steam dragon is moderately wounded.
You are engulfed in a cloud of scalding steam.
The steam dragon is struck by your spines.
The steam dragon barely misses you. The steam dragon claws you.
Unknown command.
Casting: Foxfire (safe; 1% risk of failure)
Confirm with . or Enter, or press ? or * to list all spells.
Flames lash the steam dragon.
The steam dragon is moderately wounded.
The steam dragon's fire resistance burns away.
You are engulfed in a cloud of scalding steam.
* * * LOW HITPOINT WARNING * * *
The steam dragon is struck by your spines.
The steam dragon closely misses you. The steam dragon misses you.
Casting: Scorch (safe; 1% risk of failure)
Confirm with . or Enter, or press ? or * to list all spells.
Flames lash the steam dragon.
The steam dragon is burned terribly!
The steam dragon is almost dead.
You are engulfed in a cloud of scalding steam.
* * * LOW HITPOINT WARNING * * *
The steam dragon bites you!
* * * LOW HITPOINT WARNING * * *
The steam dragon claws you but does no damage.
Okay, then.
The steam dragon attacks as you move away!
The steam dragon is struck by your spines.
The steam dragon bites you!
You die...

......#
......... .
......... ..
........# ...
#...../.####....
#...............
##......D......
#......@.......
#.....<...###..
#...#####..# #.
..# ...# .....
...... ......


You could see a steam dragon (combustible).

Vanquished Creatures
  Sigmund (D:2)
  A phantom (D:5)
  A bullfrog (D:6)
  5 wights
  A howler monkey (D:3)
  A jelly (D:6)
  2 hounds (D:6)
  An orc priest (D:4)
  Natasha (thrice) (D:2)
  3 iguanas (D:4)
  An orc wizard (D:4)
  6 adders
  A shadow imp (D:6)
  A white imp (D:6)
  5 worms
  6 orcs
  5 bats
  9 endoplasms
  4 giant cockroaches
  10 goblins
  11 hobgoblins
  4 quokkas
  8 ball pythons
  3 frilled lizards
  7 kobolds
  6 rats
106 creatures vanquished.

Vanquished Creatures (collateral kills)
  A phantom (D:6)
  A scorpion (D:6)
  2 wights (D:6)
  An iguana (D:6)
5 creatures vanquished.

Vanquished Creatures (others)
  A wight (D:4)
  463 foxfires
464 creatures vanquished.

Grand Total: 575 creatures vanquished

Notes
Turn   | Place    | Note
-------+----------+-------------------------------------------
     0 | D:1      | browni3141 the Demonspawn Fire Elementalist began the quest
                  | for the Orb.
     0 | D:1      | Reached XP level 1. HP: 13/13 MP: 3/3
    86 | D:1      | Found Ridwy's Distillery.
   105 | D:1      | Reached skill level 1 in Fighting
   244 | D:1      | Reached skill level 3 in Fire Magic
   244 | D:1      | Gained mutation: You have a somewhat thin skeletal
                  | structure. (Dex +2, Stealth+) [demonic ancestry]
   244 | D:1      | Reached XP level 2. HP: 21/21 MP: 0/5
  1090 | D:1      | Learned a level 2 spell: Scorch
  1190 | D:2      | Reached XP level 3. HP: 26/26 MP: 4/7
  1198 | D:2      | Noticed Natasha
  1208 | D:2      | Killed Natasha
  1214 | D:2      | Noticed Natasha
  1220 | D:2      | Killed Natasha
  1221 | D:2      | Gained mutation: You have large cloven feet. [demonic
                  | ancestry]
  1221 | D:2      | Reached XP level 4. HP: 11/32 MP: 0/8
  1309 | D:2      | Noticed Natasha
  1313 | D:2      | Killed Natasha
  1857 | D:2      | Noticed Sigmund
  1877 | D:2      | Killed Sigmund
  1878 | D:2      | Reached skill level 4 in Fire Magic
  1878 | D:2      | Gained mutation: You have a moderately thin skeletal
                  | structure. (Dex +4, Stealth++) [demonic ancestry]
  1878 | D:2      | Reached XP level 5. HP: 15/38 MP: 0/9
  1878 | D:2      | Reached XP level 6. HP: 17/44 MP: 0/10
  2951 | D:3      | Found a hide-covered altar of Uskayaw.
  2979 | D:3      | Found a transporter.
  2983 | D:3      | Found a transporter.
  2983 | D:3      | Noticed Jackthecabe's ghost (amateur DEHW)
  3265 | D:3      | Noticed a +0 hand axe
  3265 | D:3      | Noticed a +0 hand axe
  3848 | D:4      | Reached skill level 5 in Fire Magic
  4077 | D:4      | Gained mutation: You have hoof-like feet. [demonic
                  | ancestry]
  4077 | D:4      | Reached XP level 7. HP: 29/49 MP: 0/11
  4212 | D:5      | Entered Level 5 of the Dungeon
  4212 | D:5      | Noticed a steam dragon
  4488 | D:4      | You fall into a shaft and drop 2 floors!
  4488 | D:6      | Found Affutab's Firing Range.
  4618 | D:6      | Reached skill level 6 in Fire Magic
  4622 | D:6      | Learned a level 3 spell: Inner Flame
  4850 | D:6      | Gained mutation: You are partially covered in sharp spines.
                  | [demonic ancestry]
  4850 | D:6      | Reached XP level 8. HP: 36/58 MP: 0/12
  5201 | D:4      | Reached skill level 1 in Long Blades
  5426 | D:4      | Reached skill level 7 in Fire Magic
  5836 | D:5      | Slain by a steam dragon

Illustrated notes

Levels and vault maps discovered:
D:1:      lemuel_arrival_funnel, layout_rooms, serial_shops,
          nicolae_shop_statue_plus
D:2:      layout_basic, minmay_diced_spiral, uniq_natasha, uniq_sigmund
D:3:      minmay_wonky_spiral, layout_loops_ring, dancing_weapons_uskayaw,
          gammafunk_ghost_smash
D:4:      layout_loops_corners, enter_ossuary_1, kennysheep_opposing_triangles
D:5:      layout_layer_cave, minmay_temple_entry_overgrown, uniq_grinder,
          uniq_crazy_yiuf_cottage
D:6:      layout_cave_pools, biasface_ghost_orc_armoury,
          nicolae_shop_firing_range

Skill      XL: |  1  2  3  4  5  6  7  8 |
---------------+-------------------------+-----
Fighting       | 1 2 3 4 |  4.0
Fire Magic     | 3 4 5 6 7 |  7.0
Spellcasting   | 3 |  3.0
Dodging        | 2 3 |  3.1
Stealth        | 2 |  2.0
Conjurations   | 2 4 |  4.0
Long Blades    | 1 |  1.4

Action                     |  1- 3 |  4- 6 |  7- 9 || total
---------------------------+-------+-------+-------++-------
  Melee: Unarmed           |    10 |    11 |     9 ||    30
         Punch             |     2 |       |       ||     2
         Kick              |       |     6 |     8 ||    14
         Scimitar          |       |       |     9 ||     9
         Long sword        |       |       |     2 ||     2
   Cast: Foxfire           |    69 |   115 |    84 ||   268
         Scorch            |     3 |    14 |     8 ||    25
  Evoke: Wand              |       |       |     5 ||     5
    Use: Potion            |     1 |       |       ||     1
 Armour: Robe              |     4 |     4 |     7 ||    15
  Dodge: Dodged            |    21 |    24 |    42 ||    87

Table legend: (Time is in decaauts)
 A = Elapsed time spent in this place.
 B = Non-inter-level travel time spent in this place.
 C = Inter-level travel time spent in this place.
 D = Time resting spent in this place.
 E = Time spent auto-exploring this place.
 F = Levels seen in this place.
 G = Mean time per level.
                   A        B        C        D        E       F      G
               +--------+--------+--------+--------+--------+-----+--------+
         Total |   5841 |   5657 |    184 |    272 |   4285 |   6 |  973.5 |
       Dungeon |   5841 |   5657 |    184 |    272 |   4285 |   6 |  973.5 |
               +--------+--------+--------+--------+--------+-----+--------+

Top non-repeatable levels by time:
     D:4: 1691 daAuts
     D:2: 1481 daAuts
     D:1: 1055 daAuts
     D:3: 955 daAuts
     D:6: 517 daAuts
     D:5: 140 daAuts
